 Dungeon Sprint DCSS version 0.31-a0-590-g8a5a4361df (webtiles) character file.

Game seed: 6506026504100487215

2814 sircluck the Grappler (level 9, -4/102 HPs)
             Began as a Troll Berserker on Aug 20, 2023.
             Was a Priest of Trog.
             Shot with an arrow by a centaur warrior (23 damage)
             ... in the Dungeon (Sprint I: "Red Sonja").
             The game lasted 00:04:11 (527 turns).

sircluck the Grappler (Troll Berserker)              Turns: 527, Time: 00:04:11

Health: -4/102     AC:  5    Str: 31    XL:     9   Next: 44%
Magic:  8/8        EV: 12    Int:  3    God:    Trog [***...]
Gold:   629        SH:  0    Dex:  9    Spells: 8/8 levels left

rFire   . .          .
                       - Unarmed
rCold   . . .        (no shield)
rNeg    + . .        j - +1 robe {rN+}
rPois   .            (helmet restricted)
rElec   .            (no cloak)
rCorr   .            (gloves unavailable)
SInv    .            (boots unavailable)
Will    .....        (no amulet)
Stlth   +            (no ring)
HPRegen 1.17/turn    (no ring)
MPRegen 0.11/turn

%: no teleportation
@: on berserk cooldown, slowed, very slow
A: large, unfitting armour, claws 3, regeneration 1, shaggy fur 1, tough skin 1
a: Renounce Religion, Berserk, Trog's Hand


You were in the Dungeon.
You worshipped Trog.
Trog was most pleased with you.
You visited 1 branch You collected 839 gold pieces.
You spent 210 gold pieces at shops.

Inventory:

Hand Weapons
 i - a +6 club
Missiles
 l - 2 curare-tipped darts
Armour
 a - a +0 animal skin
 j - a +1 robe of positive energy (worn)
Jewellery
 n - the ring "Immyeleo" {Fly rC+ Str+2 Int+2}
   (You found it in the Dungeon)

   [ring of flight]

   Str+2:     It affects your strength (+2).
   Int+2:     It affects your intelligence (+2).
   rC+:       It protects you from cold.
   Fly:       It grants you flight.
Wands
 h - a wand of flame (37)
 k - a wand of iceblast (8)
Scrolls
 g - 2 scrolls of blinking
 m - a scroll of vulnerability {unknown}
 o - a scroll of identify {unknown}
Potions
 b - 3 potions of curing
 c - a potion of heal wounds
 d - a potion of haste
 e - 2 potions of magic
 f - a potion of berserk rage
 p - a potion of brilliance {unknown}


   Skills:
 + Level 10.3 Fighting
 + Level 10.1 Dodging
 + Level 0.4 Stealth
 + Level 14.8 Unarmed Combat


You had 8 spell levels left.
You didn't know any spells.
Your spell library was empty.

Dungeon Overview and Level Annotations

Branches:
Dungeon (1/1)

Altars:
Cheibriados
Dithmenos
Elyvilon
Fedhas
Gozag
Hepliaklqana
Kikubaaqudgha
Makhleb
Nemelex Xobeh
Okawaru
Qazlal
Ru
Sif Muna
Trog
Uskayaw
Vehumet
Wu Jian
Xom
Yredelemnul
Zin
The Shining One
Jiyva
Lugonu

Shops:
D (?[


Innate Abilities, Weirdness & Mutations

You are too large for most types of armour.
You have claws for hands.
Your natural rate of healing is unusually fast.
You are covered in fur. (AC +1)
You have tough skin. (AC +1)


Message History

There is an open door, spattered with blood here.
You see here a +0 shortbow.
You start resting.
Your ogre rages. x2
Your ogre is no longer berserk.
Your ogre disappears in a puff of smoke!
A centaur warrior is nearby!
You close the door, pushing everything out of the way.
A red film seems to cover your vision as you go berserk!
You feel yourself moving faster!
You feel mighty!
The door flies open with a bang!
You feel a strong urge to attack something.
The centaur warrior shouts!
The centaur warrior wields a +0 shortbow.
The centaur warrior shoots an arrow.
The arrow hits you!
The centaur warrior shoots an arrow.
The arrow hits you.
There is an open door, spattered with blood here.
You feel your anger nearly subside.
The centaur warrior shoots an arrow.
The arrow hits you!!
You are too injured to fight recklessly!
You are too injured to fight recklessly!
You are too injured to fight recklessly!
You are too injured to fight recklessly!
You are too injured to fight recklessly!
You are too injured to fight recklessly!
You are too injured to fight recklessly!
You are too injured to fight recklessly!
You are too injured to fight recklessly!
You are too injured to fight recklessly!
You are no longer berserk.
You are exhausted.
You feel yourself slow down.
The centaur warrior shoots an arrow.
The arrow hits you!!
* * * LOW HITPOINT WARNING * * *
Things that are here:
a +4 dagger of distortion; the kobold skeleton of Sonja The centaur warrior shoots an arrow.
The arrow hits you!
* * * LOW HITPOINT WARNING * * *
The centaur warrior shoots an arrow.
The arrow hits you!!
You die...

#..####..#...#[####§%#####ss+,
#..#__####..##:#§~§§c#$$##+#**
#..#_____##'#_.+~~~.§+.y#...,,
#⌠⌠#_.∩...÷..._#~§c§c#$$#..○,,
####_..__##_.#'##'#####+###.,,
*,,#_____###'#.#....###P+$#.,,
############.####'###.##*,*,,*
#∩........'.).'.....'.∩#*,*,,*
###++++####..@##########*,**+*
*,,,,,,,*###.###,,,,,,,**,**,*
*,,,,,,,,#.#c#.#,,,,,,,,+,****
*,,*,,,,,#.....#+++******,*,,+
*,,,,,,,,#.[.|.#,,,,,,,,*,****
*,,,,,*,,#######,,,,,,,*+,*,,,
*,,,,,,,,**,,,,,,,,,,,~****,,,
*,,*,,,,,**,,,,,,,,,,~~**,,,,,
*,,,,,,,,***,,,,,,,~~~***,,,,,


You could see a centaur warrior.

Vanquished Creatures
  Sonja (D)
  A deep troll (D)
  2 kobold demonologists (D)
  Sigmund (D)
  A slime creature (D)
  A yak (D)
  A floating eye (D)
  An ogre (D)
  A jelly (D)
  Ijyb (D)
11 creatures vanquished.

Vanquished Creatures (collateral kills)
  A centaur warrior (D)
1 creature vanquished.

Vanquished Creatures (others)
  2 ballistomycete spores (D)
2 creatures vanquished.

Grand Total: 14 creatures vanquished

Notes
Turn   | Place    | Note
-------+----------+-------------------------------------------
     0 | D        | sircluck the Troll Berserker began the quest for the Orb.
     0 | D        | Reached XP level 1. HP: 22/22 MP: 0/0
     1 | D        | Noticed Ijyb
     9 | D        | Killed Ijyb
    10 | D        | Reached skill level 4 in Unarmed Combat
    10 | D        | Reached XP level 2. HP: 29/31 MP: 1/1
    21 | D        | Noticed an ogre
    24 | D        | HP: 1/31 [ogre/+0 giant spiked club (25)]
    27 | D        | Killed an ogre
    28 | D        | Reached skill level 6 in Unarmed Combat
    28 | D        | Reached XP level 3. HP: 7/41 MP: 2/2
    28 | D        | Reached XP level 4. HP: 9/49 MP: 3/3
    74 | D        | Noticed Sigmund
    81 | D        | Killed Sigmund
    81 | D        | Reached ** piety under Trog
    82 | D        | Reached skill level 8 in Unarmed Combat
    82 | D        | Reached XP level 5. HP: 61/61 MP: 4/4
   108 | D        | Found an ornate altar of the Wu Jian Council.
   108 | D        | Found a shimmering blue altar of Sif Muna.
   109 | D        | Found a burning altar of Makhleb.
   109 | D        | Found a viscous altar of Jiyva.
   109 | D        | Found a shimmering altar of Xom.
   109 | D        | Found a corrupted altar of Lugonu.
   109 | D        | Noticed a slime creature
   115 | D        | Killed a slime creature
   116 | D        | Reached skill level 9 in Unarmed Combat
   116 | D        | Reached XP level 6. HP: 59/71 MP: 5/5
   118 | D        | Found a radiant altar of Vehumet.
   149 | D        | Found Himecull's Magic Scroll Emporium.
   149 | D        | Found an ancient bone altar of Kikubaaqudgha.
   149 | D        | Found a hazy altar of Hepliaklqana.
   149 | D        | Found a stormy altar of Qazlal.
   149 | D        | Found a hide-covered altar of Uskayaw.
   149 | D        | Found a blossoming altar of Fedhas.
   149 | D        | Found a bloodstained altar of Trog.
   149 | D        | Found an iron altar of Okawaru.
   149 | D        | Found a basalt altar of Yredelemnul.
   149 | D        | Found a glowing golden altar of the Shining One.
   149 | D        | Found a snail-covered altar of Cheibriados.
   149 | D        | Found a sacrificial altar of Ru.
   149 | D        | Found a glowing silver altar of Zin.
   149 | D        | Found a shadowy altar of Dithmenos.
   149 | D        | Found a white marble altar of Elyvilon.
   149 | D        | Noticed a yak
   155 | D        | Killed a yak
   155 | D        | Reached *** piety under Trog
   156 | D        | Reached skill level 10 in Unarmed Combat
   156 | D        | Reached XP level 7. HP: 60/79 MP: 6/6
   156 | D        | Found an opulent altar of Gozag.
   157 | D        | Found a sparkling altar of Nemelex Xobeh.
   161 | D        | Bought a scroll of blinking for 105 gold pieces
   161 | D        | Bought a scroll of revelation for 105 gold pieces
   189 | D        | Noticed a kobold demonologist
   189 | D        | Noticed a kobold demonologist
   189 | D        | Noticed a demonic crawler
   189 | D        | Noticed a demonic crawler
   189 | D        | Noticed a demonic crawler
   189 | D        | Noticed a demonic crawler
   189 | D        | Noticed a centaur warrior
   189 | D        | Noticed a hornet
   189 | D        | Noticed a centaur warrior
   189 | D        | Noticed an oklob plant
   194 | D        | Noticed a hellwing
   200 | D        | Killed a kobold demonologist
   201 | D        | Reached skill level 11 in Unarmed Combat
   206 | D        | Killed a kobold demonologist
   206 | D        | Reached **** piety under Trog
   207 | D        | Reached skill level 12 in Unarmed Combat
   207 | D        | Reached XP level 8. HP: 91/91 MP: 7/7
   279 | D        | Noticed Sonja
   285 | D        | Killed Sonja
   286 | D        | Reached skill level 13 in Unarmed Combat
   351 | D        | Identified the +3 chain mail of Majestic Miracles {rF+}
   384 | D        | Found Sossuime's Weapon Boutique.
   406 | D        | Noticed a deep troll
   413 | D        | Killed a deep troll
   414 | D        | Reached skill level 14 in Unarmed Combat
   414 | D        | Reached XP level 9. HP: 94/101 MP: 8/8
   448 | D        | Found Yguidd's Armour Emporium.
   452 | D        | Identified the ring "Immyeleo" {Fly rC+ Str+2 Int+2}
   490 | D        | Killed a centaur warrior
   491 | D        | Reached skill level 10 in Fighting
   491 | D        | Reached skill level 10 in Dodging
   527 | D        | Shot with an arrow by a centaur warrior

Illustrated notes

Levels and vault maps discovered:
D:        dungeon_sprint_1 [red_sonja_temple_1, red_sonja_temple_small_1]

Skill      XL: |  1  2  3  4  5  6  7  8  9 |
---------------+----------------------------+-----
Fighting       | 3 4 6 7 8 9 10 | 10.3
Dodging        | 3 4 6 7 8 9 10 | 10.1
Unarmed Combat | 4 6 8 9 10 12 14 | 14.8
Stealth        | |  0.4

Action                     |  1- 3 |  4- 6 |  7- 9 || total
---------------------------+-------+-------+-------++-------
  Melee: Unarmed           |    11 |    17 |    25 ||    53
         Punch             |     1 |       |     1 ||     2
 Invoke: Berserk           |     1 |     1 |     4 ||     6
         Brothers in Arms  |       |       |     1 ||     1
    Use: Scroll            |       |       |     1 ||     1
   Stab: Distracted        |       |       |     1 ||     1
 Armour: Robe              |       |     2 |     6 ||     8
  Dodge: Dodged            |     4 |     4 |    12 ||    20

Table legend: (Time is in decaauts)
 A = Elapsed time spent in this place.
 B = Non-inter-level travel time spent in this place.
 C = Inter-level travel time spent in this place.
 D = Time resting spent in this place.
 E = Time spent auto-exploring this place.
 F = Levels seen in this place.
 G = Mean time per level.
                   A        B        C        D        E       F      G
               +--------+--------+--------+--------+--------+-----+--------+
         Total |    563 |    563 |      0 |    166 |     40 |   1 |  563.0 |
       Dungeon |    563 |    563 |      0 |    166 |     40 |   1 |  563.0 |
               +--------+--------+--------+--------+--------+-----+--------+

Top non-repeatable levels by time:
       D: 563 daAuts
